 Dungeon Crawl Stone Soup version 0.24-a0-446-g87df7205b4 (webtiles) character file.

Game seed: 8501297198587564567

140 JellyEater the Digger (level 5, -3/28 HPs)
             Began as a Gargoyle Earth Elementalist on June 24, 2019.
             Slain by an iguana (8 damage)
             ... on level 4 of the Dungeon.
             The game lasted 00:04:15 (2634 turns).

JellyEater the Digger (Gargoyle Earth Elementalist) Turns: 2634, Time: 00:04:15

Health: -3/28      AC:  7    Str: 12    XL:     5   Next: 23%
Magic:  2/10       EV: 11    Int: 16    God:
Gold:   121        SH:  0    Dex: 10    Spells: 10/11 levels left

rFire    . . .     SeeInvis .   k - +2 dagger (elec)
rCold    . . .     Gourm    .   (no shield)
rNeg     + . .     Faith    .   c - +0 robe
rPois    ∞         Spirit   .   (no helmet)
rElec    +         Reflect  .   (no cloak)
rCorr    .         Harm     .   o - +0 pair of gloves
MR       .....                  (no boots)
Stlth    +.........             (no amulet)
HPRegen  0.09/turn              (no ring)
MPRegen  0.12/turn              (no ring)

@: heavily drained
A: negative energy resistance 1, electricity resistance, unbreathing,
petrification resistance, rot immunity, AC +4
a: no special abilities


You were on level 4 of the Dungeon.
You were not hungry.

You visited 1 branch of the dungeon, and saw 4 of its levels.

You collected 121 gold pieces.

Inventory:

Hand Weapons
 h - a +0 short sword
 k - a +2 dagger of electrocution (weapon)
 q - a +2 whip of venom
Missiles
 b - 69 stones (quivered)
Armour
 c - a +0 robe (worn)
 o - a +0 pair of gloves (worn)
Scrolls
 l - 3 scrolls of remove curse
 n - a scroll of immolation
Potions
 a - a potion of brilliance
 e - a potion of curing
 f - a potion of flight {unknown}
 i - 2 potions of mutation {unknown}
 j - a potion of haste {unknown}
 m - a potion of magic {unknown}
 p - a potion of might {unknown}
 r - a potion of heal wounds {unknown}
Comestibles
 d - 6 rations
 g - 3 chunks of flesh


   Skills:
 - Level 1.5(0.0) Dodging
 - Level 2.1(0.5) Stealth
 + Level 3.6(2.0) Spellcasting
   Level 0.7(0.0) Transmutations
 + Level 5.5(3.7) Earth Magic


You had 10 spell levels left.
You knew the following spells:

 Your Spells              Type           Power        Failure   Level  Hunger
a - Sandblast             Erth           ##....       4%          1    #......

Your spell library contained the following spells:

 Spells                   Type           Power        Failure   Level  Hunger
 Passwall                 Tmut/Erth      #.......     14%         2    ###....
 Stone Arrow              Conj/Erth      #.....       28%         3    ###....
 Petrify                  Tmut/Erth      #.......     67%         4    #####..
 Lee's Rapid Deconstruct  Erth           ##........   77%         5    ######.


Dungeon Overview and Level Annotations

Branches:
Dungeon (4/15)
 Temple: D:4-7

Altars:
Kikubaaqudgha
Yredelemnul


Innate Abilities, Weirdness & Mutations

You are resistant to torment.
Your stone body is resilient. (AC +4)
You are immune to poison.
You resist negative energy. (rN+)
You are resistant to electric shocks. (rElec)
You can survive without breathing.
You are immune to petrification.
You are immune to rotting.


Message History

The iguana bites you but does no damage.
Casting: Sandblast (safe; 4% risk of failure)
Confirm with . or Enter, or press ? or * to list all spells.
Aiming: Sandblast (safe; 4% risk of failure)
Press: ? - help, Shift-Dir - straight line, f/p - iguana
Aim: an iguana (moderately wounded)
The blast of sand hits the iguana.
The iguana is severely wounded.
b - 70 stones The iguana closely misses you.
Casting: Sandblast (safe; 4% risk of failure)
Confirm with . or Enter, or press ? or * to list all spells.
Aiming: Sandblast (safe; 4% risk of failure)
Press: ? - help, Shift-Dir - straight line, f/p - iguana
Aim: an iguana (severely wounded)
The blast of sand hits the iguana but does no damage.
The iguana is severely wounded.
b - 69 stones The iguana bites you!
You die...

/......#
...... .....
.... ..# #
#.#
###.###.#####
+......<....#
###...l@###.#
#.......#.#
###
#.#####.#.#
#.# # #.#.#
#.# #.#.# #.#
#####.#.# #.#
#.....#.# #.#
#.#####.###(#
#.
#.#.#.......#


You could see an iguana.

Vanquished Creatures
  An orc priest (D:3)
  4 adders (D:2)
  4 worms
  A dart slug (D:1)
  2 leopard geckos (D:1)
  4 orcs
  2 giant cockroaches (D:2)
  4 goblins
  8 hobgoblins
  4 jackals (D:2)
  A quokka (D:2)
  A ball python (D:2)
  9 bats
  A frilled lizard (D:2)
  6 kobolds
  3 rats
55 creatures vanquished.

Notes
Turn   | Place    | Note
-------+----------+-------------------------------------------
     0 | D:1      | JellyEater the Gargoyle Earth Elementalist began the quest
                  | for the Orb.
     0 | D:1      | Reached XP level 1. HP: 10/10 MP: 3/3
   591 | D:1      | Reached skill level 4 in Earth Magic
   591 | D:1      | Reached XP level 2. HP: 15/15 MP: 1/5
   900 | D:2      | Reached XP level 3. HP: 19/19 MP: 3/6
  1359 | D:2      | Reached XP level 4. HP: 11/24 MP: 6/8
  1622 | D:2      | Reached skill level 5 in Earth Magic
  1751 | D:2      | Found a basalt altar of Yredelemnul.
  1894 | D:3      | Found an ancient bone altar of Kikubaaqudgha.
  1913 | D:3      | Reached XP level 5. HP: 16/28 MP: 10/10
  2634 | D:4      | Slain by an iguana

Levels and vault maps discovered:
D:1:      co_arrival_square_in_a_square_in_a_square, layout_loops_cross,
          minmay_tromino_i2
D:2:      layout_rooms, old_standard_altar
D:3:      layout_loops_cross, lemuel_crystal_altar, first_ration
D:4:      layout_basic, tso_oasis_becter, cheibrodos_gnoll_hut

Skill      XL: |  1  2  3  4 |
---------------+-------------+-----
Earth Magic    | 4 5 |  5.5
Spellcasting   | 3 |  3.6
Dodging        | |  1.5
Stealth        | |  2.1
Transmutations | |  0.7

Action                   |  1- 3 |  4- 6 || total
-------------------------+-------+-------++-------
Melee: Short sword       |    22 |       ||    22
       Unarmed           |     3 |       ||     3
       Dagger            |    28 |    69 ||    97
 Cast: Sandblast         |    22 |    15 ||    37
  Use: Scroll            |     3 |     4 ||     7
 Stab: Sleeping          |     1 |     1 ||     2
  Eat: Chunk             |     2 |     4 ||     6
Armor: Robe              |    29 |    27 ||    56
Dodge: Dodged            |    47 |    44 ||    91

Table legend:
 A = Non-vault XP
 B = Vault XP
 C = Vault XP percentage of total XP
 D = Non-vault monster count
 E = Vault monster count
 F = Vault count percentage of total count
                 A         B        C        D         E       F
            +---------+---------+-------+---------+---------+-------
      Total |     196 |       5 |   2.5 |      53 |       2 |   3.6
            +---------+---------+-------+---------+---------+-------
        D:1 |      14 |       5 |  26.3 |       8 |       2 |  20.0
        D:2 |     111 |       0 |   0.0 |      32 |       0 |   0.0
        D:3 |      68 |       0 |   0.0 |      12 |       0 |   0.0
        D:4 |       3 |       0 |   0.0 |       1 |       0 |   0.0
            +---------+---------+-------+---------+---------+-------
